 Dungeon Crawl Stone Soup version 0.30-a0-371-gad7725a93e (webtiles) character file.

Game seed: 4139312654047781886

60 purpskrrrp the Sneak (level 3, 0/21 HPs)
             Began as a Vampire Brigand on Nov 22, 2022.
             Slain by an orc
             ... wielding a +0 hand axe
              (1 damage)
             ... on level 3 of the Dungeon.
             The game lasted 00:02:29 (1629 turns).

purpskrrrp the Sneak (Vampire Brigand)              Turns: 1629, Time: 00:02:30

Health: 0/21       AC:  4    Str: 13 (14) XL:     3   Next: 80%
Magic:  3/3        EV: 11    Int: 12 (13) God:
Gold:   65         SH:  0    Dex: 14 (17) Spells: 2/2 levels left

rFire   . . .      SeeInvis +    a - +3 dagger
rCold   + + .      Faith    .    (no shield)
rNeg    + + +      Spirit   .    u - +1 leather armour of the Swamp {Harm Rampage Str+4 Slay+2}
rPois   ∞          Reflect  .    (no helmet)
rElec   .          Harm     +    f - scarf {shadows}
rCorr   .          Rampage  +    (no gloves)
Will    .....                    (no boots)
Stlth   +++++.....               (no amulet)
HPRegen 0.00/turn                i - ring of flight
MPRegen 0.08/turn                (no ring)

@: flying, bloodless, inhibited regen
A: bloodless, fangs 3, see invisible, vampiric 2
a: Bat Form, Revivify


You were on level 3 of the Dungeon.
You visited 1 branch of the dungeon, and saw 3 of its levels.

You collected 65 gold pieces.

Inventory:

Hand Weapons
 a - a +3 dagger (weapon)
Missiles
 d - 13 poisoned darts
 e - 3 curare-tipped darts
Armour
 b - a +0 robe
 c - a +0 cloak
 f - a scarf of shadows (worn)
 u - the +1 leather armour of the Swamp (worn) {Harm Rampage Str+4 Slay+2}
   (You found it on level 2 of the Dungeon)

   Str:       It affects your strength (+4).
   Slay:      It affects your accuracy & damage with ranged weapons and melee
   (+2).
   Harm:      It increases damage dealt and taken.
   Rampage:   It bestows one free step when moving towards enemies.
Jewellery
 i - a ring of flight (left hand)
Wands
 s - a wand of flame (25)
Scrolls
 g - 2 scrolls of amnesia
Potions
 j - a potion of curing {unknown}
 k - a potion of heal wounds {unknown}
 p - 2 potions of might
 q - a potion of mutation {unknown}
 r - a potion of degeneration
 v - a potion of magic {unknown}


   Skills:
 - Level 1.7 Fighting
 + Level 2.7 Short Blades
 * Level 2.4 Throwing
 + Level 1.8 Dodging
 * Level 6.7 Stealth


You had 2 spell levels left.
You didn't know any spells.
Your spell library contained the following spells:

 Spells                   Type           Power      Damage    Failure   Level
 Frozen Ramparts          Ice            0%         1d1       77%         3
 Hailstorm                Conj/Ice       0%         3d3       77%         3
 Ice Form                 Ice/Tmut       0%         N/A       99%         4
 Summon Ice Beast         Ice/Summ       0%         N/A       99%         4
 Simulacrum               Ice/Necr       0%         N/A       100%        6


Dungeon Overview and Level Annotations

Branches:
Dungeon (3/15)

Altars:
Vehumet

Shops:
D:2 (


Innate Abilities, Weirdness & Mutations

You do not regenerate when monsters are visible.
You are frail without blood (-20% HP).
You can heal yourself when you bite living creatures.
You are immune to poison.
You have razor-sharp teeth.
You have supernaturally acute eyesight. (SInv)
You are afflicted with vampirism and can become a bat while bloodless.


Message History

The orc is lightly wounded.
You barely miss the orc.
The orc is lightly wounded.
The orc wizard barely misses you. The orc hits you with a +0 hand axe.
The orc hits you but does no damage.
You hit the orc but do no damage.
The orc is lightly wounded.
The orc wizard hits you but does no damage.
The orc hits you with a +0 hand axe. The orc barely misses you.
You closely miss the orc.
The orc is lightly wounded.
The orc wizard hits you but does no damage.
The orc barely misses you. The orc hits you with a +0 flail.
* * * LOW HITPOINT WARNING * * *
The orc hits you with a +0 hand axe.
* * * LOW HITPOINT WARNING * * *
The orc barely misses you. x2
You are too injured to fight recklessly!
You are too injured to fight recklessly!
You are too injured to fight recklessly!
You are too injured to fight recklessly!
You are too injured to fight recklessly!
You are too injured to fight recklessly!
You are too injured to fight recklessly!
You are too injured to fight recklessly!
You are too injured to fight recklessly!
You are too injured to fight recklessly!
You are too injured to fight recklessly!
You are too injured to fight recklessly!
You are too injured to fight recklessly!
You are too injured to fight recklessly!
You are too injured to fight recklessly!
Okay, then.
It was a potion of degeneration.
There was something very wrong with that liquid.
You feel weakened.
You feel dopey.
You feel clumsy. The orc wizard closely misses you.
The orc hits you with a +0 club.
* * * LOW HITPOINT WARNING * * *
The orc misses you. The orc hits you with a +0 hand axe.
You die...

.........##
..........#
..........#
..........#
..........#
.....ooo..# ######
.$..ro@...# ..=!..
.....oo..## ....<.
..#.....[.#### ......
............##......
########..##.........
#.....#<......
#.###.....>... #.#
####...... #. ...:..


You could see an orc wizard, 5 orcs and a rat.

Vanquished Creatures
  A gnoll (D:1)
  An adder (D:2)
  4 bats
  5 endoplasms
  3 giant cockroaches (D:1)
  3 goblins
  A hobgoblin (D:3)
  3 jackals (D:1)
  3 quokkas
  6 ball pythons
  A frilled lizard (D:2)
  5 rats
36 creatures vanquished.

Notes
Turn   | Place    | Note
-------+----------+-------------------------------------------
     0 | D:1      | purpskrrrp the Vampire Brigand began the quest for the Orb.
     0 | D:1      | Reached XP level 1. HP: 16/16 MP: 1/1
   156 | D:1      | Reached skill level 6 in Stealth
   168 | D:1      | Reached XP level 2. HP: 22/22 MP: 2/2
   302 | D:1      | Found a faded altar of an unknown god.
   380 | D:1      | Gained mutation: You are afflicted with vampirism and can
                  | become a bat while bloodless. [Vampire growth]
   380 | D:1      | Reached XP level 3. HP: 18/21 MP: 3/3
   715 | D:2      | Found Cueng's Weapon Shoppe.
   745 | D:2      | Found a radiant altar of Vehumet.
  1144 | D:2      | Identified the +1 leather armour of the Swamp {Harm Rampage
                  | Str+4 Slay+2}
  1629 | D:3      | HP: 1/21 [orc/+0 club (2)]
  1629 | D:3      | Slain by an orc

Illustrated notes

Levels and vault maps discovered:
D:1:      zaba_arrival_water, layout_basic, hellmonk_ecumenical_altar_run_dry,
          minivault_4
D:2:      layout_basic, basic_altar, serial_shops, shop
D:3:      layout_rooms

Skill      XL: |  1  2 |
---------------+-------+-----
Stealth        | 6 |  6.7
Throwing       | 2 |  2.4
Fighting       | |  1.7
Short Blades   | |  2.7
Dodging        | |  1.8

Action                   || total
-------------------------++-------
Melee: Dagger            ||    88
       Bite              ||     5
       Punch             ||     1
 Abil: Exsanguinate      ||     1
  Use: Scroll            ||     7
       Potion            ||     1
 Stab: Sleeping          ||    21
       Distracted        ||     1
Armor: Robe              ||    17
       Leather armour    ||     3
Dodge: Dodged            ||    62

Table legend: (Time is in decaauts)
 A = Elapsed time spent in this place.
 B = Non-inter-level travel time spent in this place.
 C = Inter-level travel time spent in this place.
 D = Time resting spent in this place.
 E = Time spent auto-exploring this place.
 F = Levels seen in this place.
 G = Mean time per level.
                   A        B        C        D        E       F      G
               +--------+--------+--------+--------+--------+-----+--------+
         Total |   1623 |   1546 |     77 |    126 |   1125 |   3 |  541.0 |
       Dungeon |   1623 |   1546 |     77 |    126 |   1125 |   3 |  541.0 |
               +--------+--------+--------+--------+--------+-----+--------+

Top non-repeatable levels by time:
     D:2: 972 daAuts
     D:1: 640 daAuts
     D:3: 11 daAuts
